 Dungeon Crawl Stone Soup version 0.27.1 (webtiles) character file.

Game seed: 18343362138609486175

23 a11behringer the Conjurer (level 2, -1/15 HPs)
             Began as a Deep Elf Conjurer on Aug 21, 2021.
             Slain by a gnoll (4 damage)
             ... on level 2 of the Dungeon.
             The game lasted 00:07:04 (657 turns).

a11behringer the Conjurer (Deep Elf Conjurer)        Turns: 657, Time: 00:07:05

Health: -1/15      AC:  2    Str:  4    XL:     2   Next: 75%
Magic:  3/8        EV: 12    Int: 22    God:
Gold:   22         SH:  0    Dex: 13    Spells: 7/8 levels left

rFire    . . .     SeeInvis .   e - +2 dagger (drain)
rCold    . . .     Faith    .   (no shield)
rNeg     . . .     Spirit   .   a - +0 robe
rPois    .         Reflect  .   (no helmet)
rElec    .         Harm     .   (no cloak)
rCorr    .         Rampage  .   (no gloves)
Will     .....                  (no boots)
Stlth    ++........             (no amulet)
HPRegen  0.05/turn              c - ring of flight
MPRegen  0.11/turn              (no ring)

@: flying
A: no striking features
a: no special abilities


You were on level 2 of the Dungeon.
You visited 1 branch of the dungeon, and saw 2 of its levels.

You collected 22 gold pieces.

Inventory:

Hand Weapons
 e - a +2 dagger of draining (weapon)
Armour
 a - a +0 robe (worn)
Jewellery
 c - a ring of flight (left hand)
Scrolls
 g - a scroll of identify
 h - a scroll of noise {unknown}
Potions
 b - a potion of attraction
 d - a potion of curing {unknown}
 f - a potion of heal wounds {unknown}
 i - a potion of lignification {unknown}


   Skills:
 + Level 2.4 Dodging
 + Level 2.5 Stealth
 * Level 3.6 Spellcasting
 + Level 4.9 Conjurations


You had 7 spell levels left.
You knew the following spells:

 Your Spells              Type           Power      Damage    Failure   Level
a - Magic Dart            Conj           100%       1d8       1%          1

Your spell library contained the following spells:

 Spells                   Type           Power      Damage    Failure   Level
 Searing Ray              Conj           50%        3d5       2%          2
 Dazzling Flash           Conj/Hex       30%        N/A       13%         3
 Fulminant Prism          Conj/Hex       7%         3d7       38%         4
 Iskenderun's Mystic Bla  Conj/Tloc      15%        2d5       38%         4
 Irradiate                Conj/Tmut      7%         3d16      75%         5
 Blade Hands              Tmut           2%         N/A       97%         5
 Dragon Form              Tmut           2%         N/A       100%        7


Dungeon Overview and Level Annotations

Branches:
Dungeon (2/15)

Altars:

Shops:
D:1 :


Message History

Confirm with . or Enter, or press ? or * to list all spells.
Aiming: Magic Dart (safe; 1% risk of failure)
Press: ? - help, Shift-Dir - straight line, f/p - gnoll
Aim: a gnoll, wielding a +0 club (lightly wounded, 100% to hit)
The magic dart hits the gnoll.
The gnoll is heavily wounded.
The endoplasm quivers.
Casting: Magic Dart (safe; 1% risk of failure)
Confirm with . or Enter, or press ? or * to list all spells.
Aiming: Magic Dart (safe; 1% risk of failure)
Press: ? - help, Shift-Dir - straight line, f/p - gnoll
Aim: a gnoll, wielding a +0 club (heavily wounded, 100% to hit)
The magic dart hits the gnoll!
You kill the gnoll!
Casting: Magic Dart (safe; 1% risk of failure)
Confirm with . or Enter, or press ? or * to list all spells.
Aiming: Magic Dart (safe; 1% risk of failure)
Press: ? - help, Shift-Dir - straight line, f - gnoll
Aim: a gnoll, wielding a +0 whip (100% to hit)
The magic dart hits the gnoll.
The gnoll is heavily wounded.
Casting: Magic Dart (safe; 1% risk of failure)
Confirm with . or Enter, or press ? or * to list all spells.
Aiming: Magic Dart (safe; 1% risk of failure)
Press: ? - help, Shift-Dir - straight line, f/p - gnoll
Aim: a gnoll, wielding a +0 whip (heavily wounded, 100% to hit)
The magic dart hits the gnoll but does no damage.
The gnoll is heavily wounded.
Your magical contamination has completely faded away.
You closely miss the gnoll.
The gnoll is moderately wounded.
The gnoll hits you with a +0 whip.
You hit the gnoll.
The gnoll is heavily wounded.
The gnoll hits you with a +0 whip!
* * * LOW HITPOINT WARNING * * *
You completely miss the gnoll.
The gnoll is heavily wounded.
The gnoll hits you with a +0 whip.
You die...

#############
#...........#
#...........#
#...........# #########
#...........#
#....gg.####...........#
#.##..#@#..............#
#.##..#.#..............#
#..g..#)................
###.B.###...............
#.#####.........<.....
#...g.####............
#####B# #...........#
#.# #...........#
#####g# #...........#


You could see 2 gnolls.

Vanquished Creatures
  A gnoll (D:2)
  3 endoplasms (D:1)
  2 goblins (D:1)
  A kobold (D:1)
  A quokka (D:1)
  3 bats
  A rat (D:1)
12 creatures vanquished.

Notes
Turn   | Place    | Note
-------+----------+-------------------------------------------
     0 | D:1      | a11behringer the Deep Elf Conjurer began the quest for the
                  | Orb.
     0 | D:1      | Reached XP level 1. HP: 10/10 MP: 6/6
   225 | D:1      | Found Ziur's Book Emporium.
   281 | D:1      | Reached XP level 2. HP: 15/15 MP: 0/8
   657 | D:2      | Slain by a gnoll

Illustrated notes

Levels and vault maps discovered:
D:1:      evilmike_arrival_plus, layout_basic, serial_shops, shop
D:2:      layout_basic, grunt_ministairs_11

Action                   || total
-------------------------++-------
Melee: Dagger            ||     3
 Cast: Magic Dart        ||    25
  Use: Scroll            ||     1
